 Dungeon Crawl Stone Soup version 0.30-a0-728-gc68057be0a (webtiles) character file.

Game seed: 9065245350165543053

490 jimonade the Cutter (level 7, -3/35 HPs)
             Began as a Vine Stalker Gladiator on Jan 31, 2023.
             Slain by a kobold brigand
             ... wielding a +0 dagger
              (4 damage)
             ... in a sewer.
             The game lasted 00:08:10 (3297 turns).

jimonade the Cutter (Vine Stalker Gladiator)        Turns: 3297, Time: 00:08:10

Health: -3/35      AC: 14    Str: 17    XL:     7   Next: 14%
Magic:  0/8        EV:  8    Int:  8    God:
Gold:   185        SH:  0    Dex: 17    Spells: 6/6 levels left

rFire   . . .      SeeInvis .    a - +0 dagger (venom)
rCold   + . .      Faith    .    (no shield)
rNeg    . . .      Spirit   +    j - +0 chain mail
rPois   .          Reflect  .    c - +1 helmet
rElec   .          Harm     .    (no cloak)
rCorr   .          Rampage  .    (no gloves)
Will    .....                    (no boots) Stlth
                                 (no amulet)
HPRegen 1.05/turn                i - +4 ring of protection
MPRegen 0.11/turn                m - ring of protection from cold

@: slowed, very slow
A: fangs 2, regeneration 1, magic shield, antimagic bite, no potion heal 2
a: no special abilities


You were in a sewer.
You visited 1 branch of the dungeon, and saw 4 of its levels.
You also visited: Sewer.

You collected 185 gold pieces.

Inventory:

Hand Weapons
 a - a +0 dagger of venom (weapon)
 k - a +0 rapier
Missiles
 d - 3 throwing nets (quivered)
 e - a javelin
 h - 21 poisoned darts
Armour
 b - a +0 leather armour
 c - a +1 helmet (worn)
 j - a +0 chain mail (worn)
Jewellery
 i - a +4 ring of protection (left hand)
 m - a ring of protection from cold (right hand)
 q - a ring of flight
 v - a ring of wizardry
 y - a +5 ring of evasion
 B - a +5 ring of evasion
Wands
 t - a wand of iceblast (10)
Scrolls
 f - 4 scrolls of teleportation
 l - 7 scrolls of identify
 u - a scroll of vulnerability {unknown}
Potions
 g - a potion of mutation
 n - 3 potions of ambrosia {unknown}
 o - 3 potions of haste {unknown}
 p - 3 potions of cancellation {unknown}
 r - 2 potions of flight {unknown}
 s - a potion of attraction {unknown}
 x - a potion of curing {unknown}
 z - a potion of might {unknown}


   Skills:
 + Level 2.5 Fighting
 * Level 5.4 Short Blades
 - Level 1.7 Throwing
 + Level 2.2 Armour
 + Level 3.7 Dodging
 + Level 0.6 Stealth


You had 6 spell levels left.
You didn't know any spells.
Your spell library contained the following spells:

 Spells                   Type           Power      Damage    Failure   Level
 Ensorcelled Hibernation  Hex/Ice        0%         N/A       100%        2
 Lesser Beckoning         Tloc           0%         N/A       100%        2
 Passwall                 Tmut/Erth      0%         N/A       100%        2
 Gell's Gravitas          Tloc           0%         N/A       100%        3
 Swiftness                Air            0%         N/A       100%        3
 Teleport Other           Tloc           0%         N/A       100%        3


Dungeon Overview and Level Annotations

Branches:
Dungeon (4/15)              Sewer (1/1)
 Temple: D:4-7

Altars:

Shops:
D:1 :?(*


Innate Abilities, Weirdness & Mutations

You have extremely sharp teeth.
Your natural rate of healing is unusually fast.
When hurt, damage is shared between your health and your magic reserves.
Your bite disrupts and absorbs the magic of your enemies.
Potions cannot restore your health.


Message History

You closely miss the kobold brigand.
You feel sick.
The kobold brigand hits you but does no damage.
The kobold brigand hits you with a +0 dagger.
You closely miss the kobold brigand.
You bite the kobold brigand, but do no damage.
You feel sick. The kobold brigand barely misses you.
The kobold barely misses you.
The kobold brigand hits you but does no damage. x3
The kobold hits you but does no damage.
The kobold hits you with a +0 short sword.
* * * LOW HITPOINT WARNING * * *
Okay, then.
You hit the kobold brigand but do no damage.
The kobold brigand looks as sick as possible!
You bite the kobold brigand, but do no damage.
The kobold brigand is moderately wounded.
You feel sick.
The kobold brigand hits you with a +0 dagger.
* * * LOW HITPOINT WARNING * * *
The kobold hits you but does no damage. x2
The kobold brigand hits you but does no damage.
You closely miss the kobold brigand.
The kobold brigand is moderately wounded.
You feel sick.
The kobold brigand hits you but does no damage.
The kobold barely misses you. The kobold closely misses you.
The kobold brigand hits you with a +0 dagger.
* * * LOW HITPOINT WARNING * * *
You hit the kobold brigand but do no damage.
The kobold brigand looks as sick as possible!
You bite the kobold brigand. You drain its power.
You feel invigorated.
The kobold brigand is severely wounded.
You feel sick.
You are no longer poisoned.
The kobold brigand hits you with a +0 dagger.
* * * LOW HITPOINT WARNING * * *
The kobold hits you with a +0 dagger.
The kobold hits you with a +0 short sword.
The kobold brigand hits you with a +0 dagger.
You die...

#......#~≈~~~~......#
#......#~≈~#P~P....##
#.P..~~#~~~#~~...†.#
##..P~~#~≈~#~......#
##..PP~~~≈~#.......#
#....~~~~≈~#.......#
###...P#~≈~#.......#
#....#~≈~#..P..###
##)'##~~~##K@###
#.)..#~≈~#.KKK#
#..))#~≈~#.)..#
#..∩.#~≈~#.∩..#
#....#~≈~#..??#
######~≈~######
#...'~~~# #∩∩.#~≈~#
#...#≈≈≈#


You could see 2 kobold brigands and 2 kobolds.

Vanquished Creatures
  Sigmund (D:2)
  An ogre (D:4)
  A kobold brigand (Sewer)
  A hound (D:4)
  4 adders
  A gnoll (D:1)
  A worm (D:3)
  3 dart slugs
  3 orcs (D:3)
  7 bats
  9 endoplasms
  5 giant cockroaches
  5 goblins
  8 hobgoblins
  2 jackals (D:1)
  3 quokkas
  4 ball pythons
  5 frilled lizards
  15 kobolds
  9 rats
88 creatures vanquished.

Vanquished Creatures (others)
  A plant (Sewer)
1 creature vanquished.

Grand Total: 89 creatures vanquished

Notes
Turn   | Place    | Note
-------+----------+-------------------------------------------
     0 | D:1      | jimonade the Vine Stalker Gladiator began the quest for the
                  | Orb.
     0 | D:1      | Reached XP level 1. HP: 11/11 MP: 2/2
    31 | D:1      | Found Cuniungo's Magic Scroll Shoppe.
   169 | D:1      | Reached XP level 2. HP: 15/15 MP: 3/3
   193 | D:1      | Reached skill level 3 in Short Blades
   401 | D:1      | Found Gitraof's Assorted Antiques.
   485 | D:1      | Reached XP level 3. HP: 17/18 MP: 2/4
   593 | D:1      | Found Vovodidu's Antique Weapon Shoppe.
   646 | D:1      | Found Onoorghycs's Book Emporium.
  1414 | D:2      | Gained mutation: Your natural rate of healing is unusually
                  | fast. [Vine Stalker growth]
  1414 | D:2      | Reached XP level 4. HP: 23/23 MP: 5/5
  1490 | D:2      | Noticed Sigmund
  1510 | D:2      | Killed Sigmund
  1511 | D:2      | Reached skill level 4 in Short Blades
  1511 | D:2      | Reached skill level 1 in Armour
  1511 | D:2      | Reached XP level 5. HP: 25/26 MP: 6/6
  1511 | D:2      | Reached XP level 6. HP: 29/30 MP: 7/7
  3031 | D:4      | Reached skill level 5 in Short Blades
  3087 | D:4      | Found a glowing drain.
  3096 | Sewer    | Entered a sewer
  3145 | Sewer    | Reached XP level 7. HP: 30/35 MP: 6/8
  3297 | Sewer    | HP: 1/35 [kobold brigand/+0 dagger (2)]
  3297 | Sewer    | Slain by a kobold brigand

Illustrated notes

Levels and vault maps discovered:
D:1:      nzn_arrival_crosshair, layout_basic, serial_shops,
          nicolae_shop_statue_plus, nicolae_shop_window_shopping,
          nicolae_shop_trees, nicolae_shop_behind_doors,
          chequers_serial_rivers_large_a
D:2:      layout_basic, hangedman_decor_diamond_cutter, nicolae_hexahallways,
          minmay_pentomino_r2, uniq_sigmund
D:3:      layout_basic
D:4:      layout_layer_cave, minmay_temple_entry_mini_moons,
          cheibrodos_sewer_entry_drain
Sewer:    kennysheep_pipe_town

Skill      XL: |  1  2  3  4  5  6 |
---------------+-------------------+-----
Short Blades   | 3 4 5 |  5.4
Dodging        | 3 |  3.7
Fighting       | 2 |  2.5
Armour         | 1 2 |  2.2
Throwing       | |  1.7
Stealth        | |  0.6

Action                     |  1- 3 |  4- 6 |  7- 9 || total
---------------------------+-------+-------+-------++-------
  Melee: Rapier            |    35 |       |       ||    35
         Bite              |    26 |    42 |    15 ||    83
         Dagger            |    61 |   131 |    37 ||   229
         Punch             |       |     1 |       ||     1
    Use: Scroll            |     3 |     3 |       ||     6
 Armour: Leather armour    |     4 |       |       ||     4
         Chain mail        |    33 |    92 |    25 ||   150
  Dodge: Dodged            |    47 |    49 |    22 ||   118

Table legend: (Time is in decaauts)
 A = Elapsed time spent in this place.
 B = Non-inter-level travel time spent in this place.
 C = Inter-level travel time spent in this place.
 D = Time resting spent in this place.
 E = Time spent auto-exploring this place.
 F = Levels seen in this place.
 G = Mean time per level.
                   A        B        C        D        E       F      G
               +--------+--------+--------+--------+--------+-----+--------+
         Total |   3282 |   3232 |     50 |      0 |   2627 |   5 |  656.4 |
       Dungeon |   3076 |   3026 |     50 |      0 |   2507 |   4 |  769.0 |
         Sewer |    205 |    205 |      0 |      0 |    120 |   1 |  205.0 |
               +--------+--------+--------+--------+--------+-----+--------+

Top non-repeatable levels by time:
     D:2: 1136 daAuts
     D:1: 1053 daAuts
     D:3: 775 daAuts
   Sewer: 205 daAuts
     D:4: 110 daAuts
